AoeStats
← 明天早餐吃甚麼

African Clearing

510775760Analyzed
3v3 RM · 1d ago on Oct 2, 2026· 34m 14s· 6 players
Game mode
Random Map
Map size
Normal (6 player)
Population
200
Speed
Normal
Resources
Standard
Victory
Conquest
Starting age
Dark Age
Ending age
Imperial Age
RankedLock teamsTeams togetherTeam positionsShared explorationLock speedFull tech treeHidden civsTurbo modeCheats
Victory
Defeat
🇨🇳 Varangians · China
871
+15
🇨🇳 Saxons · China
867
+15
🇨🇳 Danes · China
800
+19
🇹🇼 Wu · Taiwan
868
-17
🇹🇼 Romans · Taiwan
847
-16
🇹🇼 Persians · Taiwan
844
-16
Sting839
3:43 Loom
15:23 Feudal Age
19:44 Castle Age
20:54 Pikeman
25:21 Fletching
27:06 Bodkin Arrow
Tavis
11:55 Loom
16:43 Feudal Age
20:40 Castle Age
20:43 Scale Mail Armor
20:55 Forging
20:54 Double-Bit Axe
20:52 Horse Collar
23:30 Gold Mining
25:16 Gambesons
25:34 Squires
26:09 Arson
33:41 Stone Mining
34:27 Gold Shaft Mining
Lazy_Mann
7:42 Loom
14:22 Feudal Age
18:51 Castle Age
17:14 Stone Mining
17:45 Double-Bit Axe
26:33 Fletching
33:55 Padded Archer Armor
35:03 Ballistics
Bdog
14:39 Feudal Age
16:38 Double-Bit Axe
18:43 Horse Collar
26:52 Castle Age
26:56 Forging
28:18 Loom
29:10 Pikeman
明天早餐吃甚麼
9:16 Loom
12:39 Feudal Age
21:06 Castle Age
28:00 Horse Collar
29:19 Fletching
30:16 Bodkin Arrow
xxxHANxxx
11:56 Loom
14:40 Feudal Age
19:21 Castle Age
17:57 Double-Bit Axe
22:08 Bow Saw
Connection lost

Rejoining the realm…

Still unreachable

The connection could not be restored.

Session expired

The server has moved on; the page needs a fresh start.